 Dungeon Crawl Stone Soup version 0.29.1-15-g9cfb28693d (webtiles) character file.

Game seed: 12300192833992214303

4590 leafyfresh the Zephyrmancer (level 10, -17/63 HPs)
             Began as an Octopode Delver on Apr 19, 2023.
             Was an Initiate of Ashenzari.
             Demolished by a death yak (21 damage)
             ... on level 8 of the Dungeon.
             The game lasted 00:23:27 (16358 turns).

leafyfresh the Zephyrmancer (Octopode Delver)      Turns: 16358, Time: 00:23:28

Health: -17/63     AC:  2    Str: 13    XL:     10   Next: 41%
Magic:  3/28       EV: 20    Int: 22    God:    Ashenzari [......]
Gold:   425        SH:  0    Dex: 18    Spells: 0/21 levels left

rFire   . . .      SeeInvis .     - Unarmed
rCold   . . .      Faith    .   (shield currently unavailable)
rNeg    . . .      Spirit   .   (helmet currently unavailable)
rPois   x          Reflect  .   A - amulet of the acrobat
rElec   .          Harm     .   j - ring of magical power
rCorr   .          Rampage  .   F - ring of willpower
Will    +....                   N - +6 ring of intelligence
Stlth   ++........              (no ring)
HPRegen 0.20/turn               (no ring)
MPRegen 0.21/turn               (no ring)
                                (no ring)
                                (no ring)

@: spider-form, contaminated, glowing
A: venomous fangs, almost no armour, (amphibious), 8 rings, tiny, (camouflage
1), (gelatinous body 1), (nimble swimmer 1), (tentacles)
a: End Transformation, Renounce Religion


You were on level 8 of the Dungeon.
You worshipped Ashenzari.
Ashenzari was noncommittal.
You were a venomous arachnid creature.
You visited 2 branches of the dungeon, and saw 10 of its levels.

You collected 425 gold pieces.

Inventory:

Hand Weapons
 a - a +0 short sword
 d - a +3 dagger (melded)
 q - a +1 dagger of venom
 L - a +2 dagger of flaming
Armour
 g - the +3 hat of Hangman (melded) {Int+2}
   (You acquired it in the Ecumenical Temple)

   Int:       It affects your intelligence (+2).
 E - +0 steam dragon scales
Magical Staves
 C - a staff of fire
Jewellery
 j - a ring of magical power (left front leg)
 l - an amulet of magic regeneration
 A - an amulet of the acrobat (around neck)
 F - a ring of willpower (right front leg)
 N - a +6 ring of intelligence (on tentacle)
Wands
 f - a wand of digging (2)
 k - a wand of paralysis (7)
 y - a wand of quicksilver (7)
 M - a wand of roots (2)
Scrolls
 b - a scroll of fog
 h - 4 scrolls of teleportation
 i - 2 scrolls of enchant armour
 p - a scroll of blinking
 x - a scroll of silence
 z - 2 scrolls of noise
 B - a scroll of poison {unknown}
 D - 2 scrolls of enchant weapon {unknown}
 H - a scroll of immolation {unknown}
 I - a scroll of brand weapon {unknown}
 J - a scroll of vulnerability {unknown}
Potions
 c - 2 potions of mutation {unknown}
 e - 2 potions of haste
 m - 5 potions of heal wounds {unknown}
 n - 2 potions of resistance {unknown}
 o - a potion of flight {unknown}
 r - 2 potions of curing {unknown}
 s - a potion of ambrosia {unknown}
 t - 3 potions of brilliance {unknown}
 u - 3 potions of lignification {unknown}
 v - 2 potions of magic {unknown}
 w - 3 potions of might {unknown}
 G - a potion of attraction {unknown}
 K - a potion of cancellation {unknown}


   Skills:
 - Level 3.5 Fighting
 - Level 2.0 Short Blades
 - Level 2.7 Dodging
 - Level 7.1 Stealth
 - Level 3.5 Unarmed Combat
 - Level 6.2 Spellcasting
 - Level 4.0 Conjurations
 + Level 7.6 Transmutations
 + Level 8.4 Air Magic


You couldn't memorise any spells.
You knew the following spells:

 Your Spells              Type           Power      Damage    Failure   Level
a - Shock                 Conj/Air       100%       1d9       4%          1
b - Swiftness             Air            43%        N/A       4%          3
c - Mephitic Cloud        Conj/Pois/Air  25%        N/A       14%         3
d - Storm Form            Tmut/Air       21%        N/A       99%         7
e - Spider Form           Tmut/Pois      23%        N/A       16%         3
f - Summon Lightning Spi  Summ/Air       25%        N/A       34%         4

Your spell library contained the following spells:

 Spells                   Type           Power      Damage    Failure   Level
 Airstrike                Air            21%        2d(4-20)  10%         4
 Ignite Poison            Fire/Tmut/Pois 18%        N/A       24%         3
 Ensorcelled Hibernation  Hex/Ice        12%        N/A       32%         2
 Sublimation of Blood     Necr           6%         N/A       32%         2
 Petrify                  Tmut/Erth      23%        N/A       38%         4
 Irradiate                Conj/Tmut      16%        3d17      43%         5
 Tukima's Dance           Hex            6%         N/A       47%         3
 Freezing Cloud           Conj/Ice/Air   12%        6-21      63%         5
 Yara's Violent Unravell  Hex/Tmut       11%        3d6       67%         5
 Anguish                  Hex/Necr       3%         N/A       83%         4
 Passage of Golubria      Tloc           6%         N/A       83%         4
 Maxwell's Capacitive Co  Air            21%        ∞         100%        8


Dungeon Overview and Level Annotations

Branches:
Dungeon (9/15)             Temple (1/1) D:5            Lair (0/5) D:9
    Orc: D:9-12

Altars:
Ashenzari
Cheibriados
Dithmenos
Elyvilon
Fedhas
Gozag
Hepliaklqana
Kikubaaqudgha
Makhleb
Nemelex Xobeh
Okawaru
Qazlal
Ru
Sif Muna
Trog
Uskayaw
Vehumet
Wu Jian
Xom
Yredelemnul
Zin
The Shining One
Jiyva

Shops:
D:7 [


Innate Abilities, Weirdness & Mutations

You are a venomous arachnid creature.
You have poisonous fangs.
You are tiny and dextrous.
Your spellcasting is less reliable in this form.
Your armour is entirely melded.
You are incapable of wielding weapons or throwing items.
You cannot wear most types of armour.
((You are amphibious.))
You can wear up to eight rings at the same time.
((Your skin changes colour to match your surroundings (Stealth+).))
((Your rubbery body absorbs attacks. (AC +1, EV +1)))
((You are camouflaged when in or above water. (Stealth+)))
((You have tentacles for arms and can constrict up to eight enemies at once.))


Message History

Aim: a death yak (heavily wounded, extremely poisoned, ally target, 91% to hit)
The zap hits the death yak but does no damage.
The death yak is heavily wounded.
The zap hits the death yak.
The death yak is lightly wounded.
Unknown command.
Casting: Shock (safe; 4% risk of failure)
Confirm with . or Enter, or press ? or * to list all spells.
Aiming: Shock (safe; 4% risk of failure)
Press: ? - help, Shift-Dir - straight line, f/p - death yak
Aim: a death yak (heavily wounded, extremely poisoned, ally target, 91% to hit)
The zap hits the death yak but does no damage.
The death yak is heavily wounded.
Unknown command.
Casting: Shock (safe; 4% risk of failure)
Confirm with . or Enter, or press ? or * to list all spells.
Aiming: Shock (safe; 4% risk of failure)
Press: ? - help, Shift-Dir - straight line, f/p - death yak
Aim: a death yak (heavily wounded, very poisoned, ally target, 91% to hit)
You miscast Shock.
Nothing appears to happen.
Your lightning spire shoots out a bolt of lightning at the death yak!
The bolt of electricity hits the death yak! x2
The bolt of electricity hits the death yak.
Casting: Shock (safe; 4% risk of failure)
Confirm with . or Enter, or press ? or * to list all spells.
Aiming: Shock (safe; 4% risk of failure)
Press: ? - help, Shift-Dir - straight line, f/p - death yak
Aim: a death yak (severely wounded, not watching you, very poisoned, ally target, 91% to hit)
The zap hits the death yak but does no damage.
The death yak is severely wounded.
Unknown command.
The death yak completely misses you.
You climb upwards.
Your summoned ally is left behind.
There is a stone staircase leading down here.
Unknown command.
You hit the death yak.
The death yak looks as sick as possible!
The death yak is severely wounded.
The death yak gores you!!
You die...

#.# ##.######.........)....###
#<#####...# #.########..#...##
#.......#.#####.#### #....)..#
##.#####...##.......#####........
...# ##.###....................
##.######.###.......######..(..).
#..................# #......#
########.###.......## ##.#...##
#.......s....####...#.##
#####..Y........)...o.#
####.########[..###
#...........## #############


You could see a death yak (extremely poisoned).

Vanquished Creatures
  A two-headed ogre (D:8)
  A troll (D:8)
  Grinder (D:6)
  Prince Ribbit (D:6)
  Sigmund (D:6)
  A steam dragon (D:8)
  Menkaure (D:6)
  Edmund (D:6)
  2 water moccasins
  An ice beast (D:8)
  2 orc warriors
  2 centaurs
  2 ogres
  4 phantoms
  2 kobold brigands (D:9)
  3 necrophages
  5 bullfrogs
  5 orc priests
  3 hounds
  6 jellies
  5 iguanas
  A gnoll bouda (D:7)
  6 orc wizards
  8 adders
  4 gnolls (D:7)
  A shadow imp (D:5)
  A white imp (D:7)
  4 worms
  5 dart slugs
  27 orcs
  4 bats
  2 bat zombies (D:7)
  4 endoplasms
  4 giant cockroaches
  4 goblins
  6 hobgoblins
  13 kobolds
  5 quokkas
  2 ball pythons
  A frilled lizard (D:2)
  10 rats
  A rat zombie (D:7)
163 creatures vanquished.

Vanquished Creatures (collateral kills)
  A wraith (D:9)
1 creature vanquished.

Vanquished Creatures (others)
  37 plants
37 creatures vanquished.

Grand Total: 201 creatures vanquished

Notes
Turn   | Place    | Note
-------+----------+-------------------------------------------
     0 | D:5      | leafyfresh the Octopode Delver began the quest for the Orb.
     0 | D:5      | Reached XP level 1. HP: 16/16 MP: 1/1
   460 | D:3      | Found a hide-covered altar of Uskayaw.
   469 | D:3      | Reached XP level 2. HP: 21/21 MP: 2/2
  1570 | D:2      | Reached XP level 3. HP: 22/26 MP: 4/4
  1653 | D:2      | Found a faded altar of an unknown god.
  1719 | D:2      | Reached skill level 1 in Spellcasting
  2382 | D:2      | Reached XP level 4. HP: 29/31 MP: 5/5
  2397 | D:2      | Learned a level 1 spell: Shock
  2609 | D:2      | Reached skill level 1 in Air Magic
  3791 | D:4      | Noticed a necrophage
  3792 | D:4      | Noticed a phantom
  3794 | D:4      | Killed a phantom
  3795 | D:4      | Reached skill level 1 in Conjurations
  3795 | D:4      | Reached skill level 2 in Air Magic
  3795 | D:4      | Reached XP level 5. HP: 36/36 MP: 6/6
  3805 | D:4      | Reached skill level 3 in Air Magic
  3805 | D:4      | Reached XP level 6. HP: 30/42 MP: 7/7
  4171 | D:4      | Learned a level 3 spell: Swiftness
  4175 | D:4      | Learned a level 3 spell: Mephitic Cloud
  4305 | D:4      | Found a snail-covered altar of Cheibriados.
  4305 | D:4      | Found a sacrificial altar of Ru.
  4305 | D:4      | Found a sparkling altar of Nemelex Xobeh.
  4306 | D:4      | Found a bloodstained altar of Trog.
  5942 | D:4      | Reached skill level 4 in Air Magic
  5987 | D:4      | Reached XP level 7. HP: 19/46 MP: 8/8
  6631 | D:5      | Found a staircase to the Ecumenical Temple.
  6672 | Temple   | Entered the Ecumenical Temple
  6749 | Temple   | Identified a scroll of acquirement
  6751 | Temple   | Acquired the +3 hat of Hangman {Int+2}
  7290 | D:5      | Found a burning altar of Makhleb.
  7320 | D:5      | Found a basalt altar of Yredelemnul.
  7924 | D:5      | Reached skill level 5 in Air Magic
  8804 | D:6      | Reached XP level 8. HP: 47/52 MP: 12/12
  8873 | D:6      | Noticed Grinder
  8882 | D:6      | Killed Grinder
  8883 | D:6      | Reached skill level 6 in Air Magic
  8961 | D:6      | Found an opulent altar of Gozag.
  8970 | D:6      | Learned a level 7 spell: Storm Form
  9360 | D:6      | Reached skill level 1 in Transmutations
  9398 | D:6      | Noticed Edmund
  9407 | D:6      | Killed Edmund
  9581 | D:6      | Noticed Prince Ribbit
  9595 | D:6      | Killed Prince Ribbit
  9596 | D:6      | Reached skill level 7 in Air Magic
  9999 | D:6      | Noticed Sigmund
 10003 | D:6      | Killed Sigmund
 10004 | D:6      | Reached XP level 9. HP: 57/57 MP: 15/15
 10891 | D:6      | Found a shimmering altar of Xom.
 11054 | D:6      | Noticed Menkaure
 11062 | D:6      | Killed Menkaure
 11063 | D:6      | Reached skill level 5 in Transmutations
 11063 | D:6      | Reached skill level 8 in Air Magic
 11706 | D:7      | Found Hixi Dar's Antique Armour Shoppe.
 12255 | D:7      | Found an ancient bone altar of Kikubaaqudgha.
 12420 | D:8      | Noticed a two-headed ogre
 13274 | D:8      | Found a viscous altar of Jiyva.
 13311 | D:8      | Reached skill level 5 in Spellcasting
 13700 | D:7      | Learned a level 3 spell: Spider Form
 13883 | D:8      | Killed a two-headed ogre
 13884 | D:8      | Reached XP level 10. HP: 19/63 MP: 18/18
 14240 | D:8      | Found an ornate altar of the Wu Jian Council.
 14328 | D:8      | Found a broken altar of Ashenzari.
 14332 | D:8      | Saw a vision of the Swamp and the Snake Pit.
 14332 | D:8      | Noticed a black mamba
 14332 | D:8      | Noticed a naga ritualist
 14332 | D:8      | Noticed a bunyip
 14332 | D:8      | Noticed a goliath frog
 14332 | D:8      | Noticed an eight-headed hydra
 14332 | D:8      | Noticed a naga mage
 14332 | D:8      | Noticed a spriggan rider
 14332 | D:8      | Noticed a spriggan druid
 14332 | D:8      | Noticed a shock serpent
 14332 | D:8      | Noticed a black mamba
 14332 | D:8      | Noticed a black mamba
 14334 | D:8      | Noticed a naga warrior
 14338 | D:8      | Became a worshipper of Ashenzari the Shackled
 14525 | D:9      | Found a stormy altar of Qazlal.
 15152 | D:9      | Noticed a death yak
 15157 | D:9      | Noticed a death yak
 15158 | D:9      | Noticed a death yak
 15662 | D:8      | Learned a level 4 spell: Summon Lightning Spire
 15696 | D:9      | Identified the +0 ring mail of Slovenliness {Str+3 Slay+2}
 15760 | D:9      | Found a staircase to the Lair.
 15780 | D:9      | Found a glowing silver altar of Zin.
 15832 | D:9      | HP: 3/63 [wraith (9)]
 16348 | D:9      | HP: 2/63 [death yak (12)]
 16358 | D:8      | Demolished by a death yak

Illustrated notes

Levels and vault maps discovered:
D:1:      minmay_arrival_solitary_statue, layout_rooms, serial_glass,
          glass_columns_c, glass_columns_c, chequers_serial_rivers_room_b,
          dreamdust_mushroom_princess
D:2:      minmay_alternating_diamond, layout_basic,
          hellmonk_ecumenical_altar_zigzags, serial_bayou_lagoon_a,
          glass_columns_a
D:3:      layout_basic, nicolae_uskayaw_murder_on_the_dancefloor,
          minmay_hedge_maze
D:4:      layout_loops_ring, chequers_temple_overflow_statue_of_worship
D:5:      layout_layer_cave, mainiacjoe_overflow_brackets,
          overflow_temple_1_default, minmay_temple_entry_glass
D:6:      layout_gridville, grunt_gozag_statues, lemuel_doored_altar,
          uniq_sigmund, uniq_prince_ribbit1, uniq_grinder, uniq_edmund,
          uniq_menkaure
D:7:      layout_basic, lemuel_zombie_altar_kikubaaqudgha, serial_shops,
          nicolae_shop_overgrown_old_shop, nicolae_sextant
D:8:      layout_loops_ring, grunt_ashenzari_visionary
          [grunt_ashenzari_visionary_swamp, grunt_ashenzari_visionary_snake],
          pdpol_wu_jian_five_deadly_venoms, jiyva_altar_1
D:9:      layout_gridville, nicolae_overflow_hidden_temple,
          grunt_qazlal_sundering, dpeg_lair_monsters
Temple:   nicolae_temple_colour_theory

Skill      XL: |  1  2  3  4  5  6  7  8  9 10 |
---------------+-------------------------------+-----
Stealth        | 7 |  7.1
Spellcasting   | 1 3 4 5 6 |  6.2
Air Magic      | 2 3 4 5 7 8 |  8.4
Conjurations   | 1 2 4 |  4.0
Transmutations | 3 7 |  7.6
Unarmed Combat | 2 3 |  3.5
Fighting       | |  3.5
Short Blades   | |  2.0
Dodging        | |  2.7

Action                   |  1- 3 |  4- 6 |  7- 9 | 10-12 || total
-------------------------+-------+-------+-------+-------++-------
Melee: Short sword       |    70 |    12 |       |       ||    82
       Tentacles         |     9 |    14 |    50 |     8 ||    81
       Constrict         |    17 |    10 |    39 |     2 ||    68
       Punch             |     2 |     2 |     3 |     2 ||     9
       Dagger            |       |    71 |   175 |    30 ||   276
       Unarmed           |       |       |    12 |    17 ||    29
 Cast: Shock             |       |    20 |    76 |    30 ||   126
       Mephitic Cloud    |       |     1 |    11 |     4 ||    16
       Swiftness         |       |     1 |     3 |     3 ||     7
       Spider Form       |       |       |     3 |     2 ||     5
       Summon Lightning  |       |       |       |     3 ||     3
Evoke: Wand              |       |       |       |     1 ||     1
  Use: Scroll            |     1 |     2 |     7 |     3 ||    13
 Stab: Sleeping          |    13 |    10 |    13 |     6 ||    42
       Distracted        |     2 |       |       |       ||     2
       Confused          |       |       |     5 |     1 ||     6
Armor: Skin              |     5 |     4 |    35 |     5 ||    49
Dodge: Dodged            |    35 |    49 |   131 |    42 ||   257
